[Event "TUR-ch Veterans 2019"]
[Site "Belek"]
[Date "2019.01.24"]
[Round "5.6"]
[White "Subasi, Zeki"]
[Black "Tofan, Ibrahim"]
[Result "0-1"]
[ECO "B08"]
[WhiteElo "1707"]
[BlackElo "2070"]
[Annotator "NA"]
[PlyCount "120"]
[EventDate "2019.01.20"]
[EventType "swiss"]
[EventCountry "TUR"]
[SourceTitle "playchess.com"]
[Source "ChessBase"]
[SourceQuality "1"]
[TimeControl "5400+30"]

1. e4 g6 2. d4 Bg7 3. Nf3 d6 4. Be2 Nf6 5. Nc3 a6 6. O-O b5 7. a3 Bb7 8. d5 c6 9. Re1 Nbd7 10. Bf1 O-O 11. Bf4 ({White should play} 11. dxc6 $15 Bxc6 12. Bf4) 11... cxd5 12. exd5 $17 Nb6 13. Bg5 h6 14. Bxf6 Bxf6 15. Qd2 Kh7 16. Rad1 Bxc3 17. Qxc3 Bxd5 18. Qe3 Bxf3 19. Qxf3 Rc8 20. Bd3 Nc4 21. Bxc4 Rxc4 22. c3 Qd7 23. h3 Kg7 24. Qe3 Rc7 25. Rd2 Qc6 26. Qd4+ Kh7 27. Qh4 Qb7 28. Rde2 Re8 29. Qf4 Kg7 30. Qd4+ Kg8 31. Qf4 Kg7 32. Qd4+ Kh7 33. Qf4 e5 34. Qb4 Qb6 35. Rd1 Re6 36. Qe4 Qc6 37. Qe3 Kg7 38. Red2 Qc5 39. Qe4 Rc6 40. Rd5 Qc4 41. Qe3 h5 42. Qd2 Qe4 43. f3 Qc4 44. Qe3 Qb3 45. R1d2 Qa2 46. Qa7 Qc4 47. Qe3 Rf6 48. Qe1 Qf4 49. Kh1 Re6 50. Qd1 Qf6 51. Qc2 Rc4 52. Qd3 e4 53. fxe4 Rcxe4 54. Qg3 Re1+ 55. Kh2 Qf1 56. Qf2 Qh1+ 57. Kg3 R1e3+ 58. Kf4 Qh2+ 59. g3 R6e4+ 60. Kg5 Qxg3+ 0-1

[Event "TUR-ch Veterans 2019"]
[Site "Belek"]
[Date "2019.01.24"]
[Round "5.7"]
[White "Bozkir, Dursun Murat"]
[Black "Karadag, Eflatun Cem"]
[Result "1-0"]
[ECO "C69"]
[WhiteElo "1684"]
[BlackElo "1927"]
[Annotator "NA"]
[PlyCount "87"]
[EventDate "2019.01.20"]
[EventType "swiss"]
[EventCountry "TUR"]
[SourceTitle "playchess.com"]
[Source "ChessBase"]
[SourceQuality "1"]
[TimeControl "5400+30"]

1. e4 e5 2. Nf3 Nc6 3. Bb5 a6 4. Bxc6 dxc6 5. O-O f6 6. d4 exd4 7. Nxd4 c5 8. Nb3 Qxd1 9. Rxd1 Bd7 10. Bf4 O-O-O 11. Nc3 Bg4 {[%emt 0:12:30] C69: Ruy Lopez: Exchange Variation with 5 0-0 f6} (11... Be6 $11 {keeps the balance.} 12. Rxd8+ Kxd8 13. Rd1+ Kc8 14. Nd5 Bxd5 15. Rxd5 b6 16. Rd1 Ne7 17. Kf1 h5 18. Ke2 g5 19. Be3 Nc6 20. Nd2 h4 21. h3 Bd6 22. Nc4 Kd7 23. e5 fxe5 24. Bxg5 {½-½ (34) Polsterer,H (2449)-Pepene,G (2484) ICCF email 2016}) 12. Rxd8+ Kxd8 13. f3 Be6 14. Rd1+ Kc8 15. Nd5 Bxd5 16. Rxd5 b6 17. Kf2 Ne7 18. Rd1 Ng6 19. Bg3 c4 20. Nd4 $146 ({Predecessor:} 20. Nd2) 20... Bc5 21. Ke2 Bxd4 22. Rxd4 $14 b5 23. Rd5 Ne7 24. Rc5 c6 25. Bd6 Re8 26. Bxe7 Rxe7 27. Rxc6+ Kb7 28. Rd6 f5 29. Ke3 fxe4 30. fxe4 a5 31. b3 c3 32. a3 Rf7 33. b4 Rf1 34. Rd7+ Kc6 35. Rxg7 a4 36. Rxh7 Ra1 37. Kd4 Rxa3 38. g4 Rb3 39. cxb3 c2 40. Rh3 c1=Q 41. Rc3+ Qxc3+ 42. Kxc3 a3 43. h4 Kd6 44. h5 1-0

[Event "TUR-ch Veterans 2019"]
[Site "Belek"]
[Date "2019.01.24"]
[Round "5.8"]
[White "Onem, Cem"]
[Black "Cinar Corlulu, Nilufer"]
[Result "1-0"]
[ECO "A65"]
[WhiteElo "1840"]
[BlackElo "1970"]
[Annotator "NA"]
[PlyCount "107"]
[EventDate "2019.01.20"]
[EventType "swiss"]
[EventCountry "TUR"]
[SourceTitle "playchess.com"]
[Source "ChessBase"]
[SourceQuality "1"]
[TimeControl "5400+30"]

1. d4 Nf6 2. c4 g6 3. Nc3 Bg7 4. e4 d6 5. f3 O-O 6. Bg5 c5 7. d5 e6 8. Qd2 exd5 9. cxd5 a6 10. a4 Re8 11. Nge2 Qa5 12. Ng3 Nbd7 13. Be2 b5 14. O-O b4 15. Nd1 Rb8 16. Ne3 Qc7 17. Nc4 $14 Nb6 18. Qf4 Nxc4 19. Bxf6 Ne5 20. Bxg7 Kxg7 21. Qg5 f6 22. Nh5+ Kh8 23. Qxf6+ Kg8 24. f4 Rf8 25. Qh4 Nd7 26. Ng3 Qd8 27. Qxd8 Rxd8 28. b3 a5 29. Bb5 Nb6 30. Rac1 Bd7 31. Ba6 Ra8 32. Bc4 Re8 33. Rf3 Rac8 34. Re3 g5 35. fxg5 Re5 36. h4 Rf8 37. Rf3 Kg7 38. Nh5+ Kg8 39. Nf6+ Kg7 40. Rcf1 Rd8 41. Nh5+ Kg8 42. g4 Re7 43. Bd3 Bc8 44. Nf6+ Kg7 45. h5 Re5 46. g6 h6 47. Kh2 Rg5 48. Kg3 Rf8 49. Kh2 Rd8 50. Kh3 Nd7 51. Rf4 Ne5 52. Bb5 Kh8 53. Ne8 Rxh5+ 54. Kg3 1-0

[Event "TUR-ch Veterans 2019"]
[Site "Belek"]
[Date "2019.01.24"]
[Round "5.9"]
[White "Aysoy, Veysi"]
[Black "Sezgun, Yakup"]
[Result "1-0"]
[ECO "E61"]
[WhiteElo "1933"]
[BlackElo "1757"]
[Annotator "NA"]
[PlyCount "157"]
[EventDate "2019.01.20"]
[EventType "swiss"]
[EventCountry "TUR"]
[SourceTitle "playchess.com"]
[Source "ChessBase"]
[SourceQuality "1"]
[TimeControl "5400+30"]

1. c4 Nf6 2. g3 g6 3. Bg2 Bg7 4. Nc3 O-O 5. d4 Re8 6. Nf3 d5 7. cxd5 Nxd5 8. O-O c5 9. Qb3 Nxc3 $14 10. bxc3 Nd7 11. Rd1 Qb6 12. Qa4 Nf6 13. Ne5 Bf5 14. Nc4 Qe6 15. Ne3 Be4 16. Ba3 Bxg2 17. Kxg2 Bh6 18. Rd3 cxd4 19. cxd4 a6 20. Bc5 Ne4 21. Qb4 Nxc5 22. dxc5 Bxe3 23. Rxe3 Qd5+ 24. Kg1 Rac8 25. Rc1 Rc7 26. a3 Rec8 27. Rec3 Qc6 28. e3 Rd7 29. Rc4 Rd5 30. e4 Rd7 31. h4 h5 32. a4 Rcd8 33. Qb6 Rc8 34. a5 Kg7 35. Rb1 Qf6 36. Qxf6+ Kxf6 37. Rb6+ e6 38. c6 Rxc6 39. Rcxc6 bxc6 40. Rxc6 Ra7 41. Kg2 Ke5 42. f3 Kd4 43. Kf2 Kd3 44. e5 Rb7 45. Rd6+ Kc4 46. Rxa6 Kd5 47. f4 Ke4 48. Rb6 Ra7 49. a6 Kd5 50. Ke3 Kc5 51. Rd6 Kb5 52. Kd4 Rc7 53. Kd3 Ra7 54. Kc3 Rc7+ 55. Kd3 Ra7 56. Ke3 Rc7 57. Kf3 Rc3+ 58. Kg2 Rc7 59. Kh3 Ka5 60. g4 Rc3+ 61. Kg2 Rc7 62. gxh5 gxh5 63. f5 exf5 64. Kf3 Kb5 65. Kf4 Rc4+ 66. Kxf5 Rxh4 67. a7 Ra4 68. Rd7 h4 69. Rxf7 Kc6 70. Rh7 Kd5 71. e6 Kd6 72. Rd7+ Kc6 73. Kf6 h3 74. Rh7 Rf4+ 75. Ke5 Ra4 76. e7 Kd7 77. e8=Q+ Kxe8 78. Rh8+ Kd7 79. Rh7+ 1-0

[Event "TUR-ch Veterans 2019"]
[Site "Belek"]
[Date "2019.01.24"]
[Round "5.11"]
[White "Sedef, Emin"]
[Black "Taskiran, Erol"]
[Result "1/2-1/2"]
[ECO "D03"]
[WhiteElo "1632"]
[BlackElo "1758"]
[Annotator "NA"]
[PlyCount "95"]
[EventDate "2019.01.20"]
[EventType "swiss"]
[EventCountry "TUR"]
[SourceTitle "playchess.com"]
[Source "ChessBase"]
[SourceQuality "1"]
[TimeControl "5400+30"]

1. d4 Nf6 2. Nf3 d5 3. Bg5 e6 4. Nbd2 c5 5. c3 Be7 6. e3 O-O 7. Bd3 Nbd7 8. O-O h6 9. Bh4 Nh7 10. Bxe7 Qxe7 11. Ne5 Nxe5 12. dxe5 b6 13. f4 f5 14. c4 Bb7 15. cxd5 Bxd5 16. e4 fxe4 17. Bxe4 Rad8 18. Qc2 Bxe4 19. Nxe4 Rd4 20. g3 Qb7 21. Nd6 Qd5 22. b3 Rd8 23. Rad1 Nf8 24. Rxd4 Qxd4+ 25. Kg2 Qd5+ 26. Kf2 Qd4+ 27. Ke2 Qd5 28. Rd1 Qg2+ 29. Kd3 Qd5+ 30. Kc3 Qc6 31. Kb2 a5 32. a4 Rd7 33. Rd2 Nh7 34. h4 Nf8 35. Qc4 Qf3 36. f5 Qxg3 37. Re2 Qf3 38. fxe6 Re7 39. Nc8 Rxe6 40. Nxb6 Kh8 41. Nc8 Re8 42. Nd6 Rb8 43. Nb5 Ne6 44. Qe4 Qh3 45. Re3 Qh2+ 46. Re2 Qh3 47. Re3 Qh2+ 48. Re2 1/2-1/2

[Event "TUR-ch Veterans 2019"]
[Site "Belek"]
[Date "2019.01.24"]
[Round "5.12"]
[White "Yalciner, Suleyman"]
[Black "Unver, Ibrahim Kaya"]
[Result "1-0"]
[ECO "B30"]
[WhiteElo "1491"]
[BlackElo "1379"]
[Annotator "NA"]
[PlyCount "51"]
[EventDate "2019.01.20"]
[EventType "swiss"]
[EventCountry "TUR"]
[SourceTitle "playchess.com"]
[Source "ChessBase"]
[SourceQuality "1"]
[TimeControl "5400+30"]

1. e4 c5 2. Nf3 d6 3. Bc4 e6 4. O-O Nc6 5. c3 Nf6 6. Re1 Qc7 7. Bb3 Be7 8. d4 cxd4 9. cxd4 O-O 10. Nc3 a6 11. h3 Rd8 12. Bg5 b5 13. Rc1 Qd7 14. Qe2 Bb7 15. d5 Na5 16. Bc2 e5 17. b3 Rac8 18. Nd1 Ba8 19. Ne3 g6 20. Nh2 Nh5 21. Bh6 Nf6 22. Qf3 Re8 23. Neg4 Nxg4 24. Nxg4 Qd8 25. Bd2 Nb7 26. Nh6+ 1-0

[Event "TUR-ch Veterans 2019"]
[Site "Belek"]
[Date "2019.01.24"]
[Round "5.13"]
[White "Buyukgokcesu, Tahir Sami"]
[Black "Yuksel, Mustafa"]
[Result "1/2-1/2"]
[ECO "A08"]
[WhiteElo "1557"]
[BlackElo "2031"]
[Annotator "NA"]
[PlyCount "33"]
[EventDate "2019.01.20"]
[EventType "swiss"]
[EventCountry "TUR"]
[SourceTitle "playchess.com"]
[Source "ChessBase"]
[SourceQuality "1"]
[TimeControl "5400+30"]

1. e4 e6 2. d3 d5 3. Nd2 c5 4. Ngf3 Nc6 5. g3 g6 6. Bg2 Bg7 7. O-O Nge7 8. c3 b6 9. Re1 a5 10. a4 Ra7 11. Qc2 h6 12. Nf1 O-O 13. h4 $15 d4 14. N1h2 e5 15. h5 g5 16. g4 Be6 17. c4 1/2-1/2

[Event "TUR-ch Veterans 2019"]
[Site "Belek"]
[Date "2019.01.24"]
[Round "5.14"]
[White "Muratoglu, Salih"]
[Black "Alkan, Sukru"]
[Result "1/2-1/2"]
[ECO "B33"]
[WhiteElo "1950"]
[BlackElo "1484"]
[Annotator "NA"]
[PlyCount "105"]
[EventDate "2019.01.20"]
[EventType "swiss"]
[EventCountry "TUR"]
[SourceTitle "playchess.com"]
[Source "ChessBase"]
[SourceQuality "1"]
[TimeControl "5400+30"]

1. e4 c5 2. Nf3 Nc6 3. d4 cxd4 4. Nxd4 Nf6 5. Nc3 e5 6. Nb3 Bb4 7. Bd3 d5 8. exd5 Nxd5 9. Bd2 Be6 {[%emt 0:04:00] B33: Sicilian: Pelikan and Sveshnikov Variations} (9... Nxc3 10. bxc3 Be7 11. Qh5 g6 12. Qe2 O-O 13. h4 Re8 14. h5 e4 15. hxg6 hxg6 16. Bxe4 Bf6 17. f3 Bf5 18. O-O-O Qe7 {1-0 (30) Jobava,B (2669)-Bykhovsky,A (2459) Budva 2009}) 10. Qe2 $146 ({Predecessor:} 10. O-O Nxc3 11. bxc3 Be7 12. Qe2 O-O 13. Rad1 Qc7 14. f4 Bxb3 15. cxb3 exf4 16. Bxf4 Qb6+ 17. Kh1 {0-1 (30) Santillan,L (2117)-Malamud,L (2120) Villaguay 2016}) 10... O-O 11. O-O-O Nxc3 12. Bxc3 Bxc3 13. Bxh7+ Kxh7 14. Rxd8 Bxb2+ 15. Kxb2 Rfxd8 16. f4 (16. Nc5 $18) 16... f6 (16... Kg8 $16) 17. fxe5 Nxe5 18. Rf1 Kg8 19. Rf4 Rac8 20. g4 Bf7 21. Rd4 Nc4+ 22. Kc1 Re8 23. Re4 Ne5 24. Re3 Rc4 25. g5 Rec8 26. gxf6 $16 gxf6 27. Kb2 Rf4 28. Rg3+ Kf8 29. Nd2 Rb4+ 30. Kc1 Rb6 31. Qe3 Rbc6 32. Qa3+ Ke8 33. Qa4 Kf8 34. Ne4 Rxc2+ 35. Qxc2 Rxc2+ 36. Kxc2 Bg6 37. Re3 Nc4 38. Re1 Nd6 39. Kd3 Bxe4+ 40. Kd4 Bc6 41. Rf1 Kg7 42. Ke3 Kg6 43. Kf4 Ne8 44. Rg1+ Kf7 45. h4 Ng7 46. Rd1 Kg6 47. Rg1+ Kf7 48. Rd1 Ba4 49. Rd2 Bb5 50. Rd5 Bc6 51. Rd1 f5 52. Ke5 Be4 53. Rd6 1/2-1/2

[Event "TUR-ch Veterans 2019"]
[Site "Belek"]
[Date "2019.01.24"]
[Round "5.15"]
[White "Topaloglu, Hayati"]
[Black "Suzan, Mehmet"]
[Result "1-0"]
[ECO "B12"]
[WhiteElo "1740"]
[BlackElo "1501"]
[Annotator "NA"]
[PlyCount "28"]
[EventDate "2019.01.20"]
[EventType "swiss"]
[EventCountry "TUR"]
[SourceTitle "playchess.com"]
[Source "ChessBase"]
[SourceQuality "1"]
[TimeControl "5400+30"]

1. e4 d6 2. d4 c6 3. Nf3 Bg4 4. Bc4 e6 5. O-O h6 6. Be3 Be7 7. Nbd2 Nf6 8. c3 Nfd7 9. Bb3 O-O 10. h3 Bh5 11. g4 Bg6 12. Nh2 e5 13. f4 exf4 14. Bxf4 c5 1-0

[Event "TUR-ch Veterans 2019"]
[Site "Belek"]
[Date "2019.01.24"]
[Round "5.16"]
[White "Saglam, Sami"]
[Black "Akinci, Ahmet"]
[Result "0-1"]
[ECO "C50"]
[WhiteElo "1424"]
[BlackElo "1402"]
[Annotator "NA"]
[PlyCount "68"]
[EventDate "2019.01.20"]
[EventType "swiss"]
[EventCountry "TUR"]
[SourceTitle "playchess.com"]
[Source "ChessBase"]
[SourceQuality "1"]
[TimeControl "5400+30"]

1. e4 e5 2. Nf3 Nc6 3. Bc4 Bc5 4. Nc3 Nf6 5. d3 h6 6. h3 d6 7. a3 a6 8. Qe2 Nd4 9. Nxd4 Bxd4 10. Nd5 c6 11. Nxf6+ Qxf6 12. c3 Ba7 13. Be3 Qg6 14. Qf3 Bxe3 15. fxe3 O-O 16. O-O-O Be6 17. Bxe6 Qxe6 18. g4 Qa2 19. h4 f6 20. Qf5 b5 21. Kc2 b4 22. cxb4 c5 23. Ra1 Qf7 24. bxc5 Rab8 25. Kb1 Qb3 26. Ra2 Qxd3+ 27. Ka1 dxc5 28. Qf3 Rfd8 29. a4 Rb3 30. g5 Rdb8 31. Rb1 c4 32. gxf6 c3 33. Qg4 cxb2+ 34. Raxb2 Ra3+ 0-1

[Event "TUR-ch Veterans 2019"]
[Site "Belek"]
[Date "2019.01.24"]
[Round "5.17"]
[White "Cicek, Cemil"]
[Black "Atas, Remzi"]
[Result "1-0"]
[ECO "E12"]
[WhiteElo "1999"]
[BlackElo "1477"]
[Annotator "NA"]
[PlyCount "106"]
[EventDate "2019.01.20"]
[EventType "swiss"]
[EventCountry "TUR"]
[SourceTitle "playchess.com"]
[Source "ChessBase"]
[SourceQuality "1"]
[TimeControl "5400+30"]

1. d4 Nf6 2. Nf3 e6 3. Bg5 c5 4. e3 b6 5. c4 Bb7 6. Nc3 Be7 7. Be2 d6 {[%emt 0:00:30] E12: Queen's Indian: Unusual White 4th moves, 4 a3, 4 Nc3 Bb7 5 a3 and 4 Nc3 Bb7} (7... O-O 8. O-O h6 9. Bh4 Nc6 10. Bg3 cxd4 11. Nxd4 d6 12. Bf3 Qd7 13. Nxc6 Bxc6 14. b3 a6 15. Bxc6 Qxc6 {½-½ (69) Wang,Y (2739)-Ivanchuk,V (2779) Nice 2009}) 8. O-O h6 9. Bh4 O-O 10. a3 Nbd7 11. b4 $146 ({Predecessor:} 11. h3 a6 12. Bg3 Rc8 13. Nd2 {0-1 (55) Draskovic,D (2154)-Tosic,M (2422) Vrnjacka Banja 2007}) 11... Ne4 12. Nxe4 Bxe4 13. Bg3 Nf6 14. h3 Bb7 15. Qc2 Rc8 16. Qb3 Ne4 17. Bh2 Ba8 18. Rfd1 Bf6 19. Rac1 Qe7 20. b5 $15 Rfd8 21. a4 Bh4 22. Rf1 Bf6 23. Bd3 Qb7 24. Rfd1 cxd4 25. exd4 Ng5 26. Be2 Qe4 27. Qe3 Qb7 28. Ne1 Qe4 29. Bd3 Qxe3 30. fxe3 e5 31. Bf5 Rb8 32. d5 g6 33. Bd3 Rbc8 34. e4 Rc7 35. Ra1 Bg7 36. Nf3 f5 37. Nxg5 hxg5 38. Re1 f4 39. a5 Rb8 40. axb6 axb6 41. Ra6 Bb7 42. Rxb6 Rd7 43. Ra1 Bf6 44. c5 Bd8 45. Rxd6 Rxd6 46. cxd6 Bb6+ 47. Kf1 Bc5 48. d7 Rd8 49. Bg1 Bxg1 50. Kxg1 Rxd7 51. Ra7 Kf8 52. b6 Ke8 53. Bb5 Ke7 1-0

[Event "TUR-ch Veterans 2019"]
[Site "Belek"]
[Date "2019.01.24"]
[Round "5.18"]
[White "Bagci, Hikmet"]
[Black "Bapoglu, Ibrahim"]
[Result "0-1"]
[ECO "B07"]
[WhiteElo "1548"]
[BlackElo "1549"]
[Annotator "NA"]
[PlyCount "88"]
[EventDate "2019.01.20"]
[EventType "swiss"]
[EventCountry "TUR"]
[SourceTitle "playchess.com"]
[Source "ChessBase"]
[SourceQuality "1"]
[TimeControl "5400+30"]

1. e4 c6 2. d4 g6 3. Be3 Bg7 4. Qd2 d6 5. Nc3 Nf6 6. f3 Nbd7 7. g4 Nb6 8. h4 h5 9. g5 Nh7 10. O-O-O O-O 11. Nh3 Be6 12. Nf4 Bc4 13. Bd3 Qc7 14. Kb1 Rfd8 15. Qe2 Bxd3 16. Qxd3 Nf8 17. d5 Nfd7 18. Bd4 Ne5 19. Qe2 Nbc4 20. Nd3 c5 21. Bxe5 Nxe5 22. Nc1 a6 23. f4 Nd7 24. Rh3 b5 25. Rf1 c4 26. f5 Rf8 27. Qe3 Rac8 28. N3e2 Qc5 29. Qd2 Be5 30. Rhf3 b4 31. c3 bxc3 32. Nxc3 Rb8 33. fxg6 fxg6 34. Rxf8+ Rxf8 35. Rxf8+ Kxf8 36. Qe1 Ke8 37. a3 Qd4 38. Ka2 Nc5 39. Qh1 Qf2 40. Qh3 Kd8 41. Kb1 Nxe4 42. N3e2 Nc5 43. Qh1 Qf5+ 44. Ka2 Qc2 0-1

[Event "TUR-ch Veterans 2019"]
[Site "Belek"]
[Date "2019.01.24"]
[Round "5.19"]
[White "Odabasi, Nail"]
[Black "Yilmaz, Huseyin"]
[Result "0-1"]
[ECO "D00"]
[WhiteElo "1525"]
[BlackElo "1321"]
[Annotator "NA"]
[PlyCount "102"]
[EventDate "2019.01.20"]
[EventType "swiss"]
[EventCountry "TUR"]
[SourceTitle "playchess.com"]
[Source "ChessBase"]
[SourceQuality "1"]
[TimeControl "5400+30"]

1. d4 Nf6 2. Bf4 d5 3. e3 c5 4. c3 Nc6 5. Nd2 c4 6. Be2 g6 7. h3 Bg7 8. Ngf3 O-O 9. g4 Ne4 10. Nxe4 dxe4 11. Nd2 e5 12. Bg3 exd4 13. exd4 e3 14. fxe3 b5 15. O-O Qg5 16. Rf4 f5 17. h4 Qe7 18. e4 Nd8 19. e5 Ne6 20. Rf2 f4 21. Bh2 Qxh4 22. Rg2 Bb7 23. Bf3 Qe7 24. Bxb7 Qxb7 25. Nf3 Rad8 26. Rd2 Rd5 27. Qe2 Rfd8 28. Rad1 a5 29. Qe4 Qf7 30. Rf2 Nc5 31. Qxf4 Qxf4 32. Bxf4 Nd3 33. Rxd3 cxd3 34. Rd2 Rf8 35. g5 Rxf4 36. Rxd3 Kf7 37. b3 Ke6 38. c4 bxc4 39. bxc4 Rd8 40. d5+ Kd7 41. c5 Rf5 42. Re3 Re8 43. e6+ Kd8 44. Rd3 Ref8 45. d6 Rxf3 46. e7+ Kd7 47. c6+ Kxc6 48. Rxf3 Re8 49. Rf6 Bxf6 50. gxf6 Kxd6 51. f7 Kxe7 0-1

[Event "TUR-ch Veterans 2019"]
[Site "Belek"]
[Date "2019.01.24"]
[Round "5.20"]
[White "Kara, Senal"]
[Black "Tekeli, Savran"]
[Result "0-1"]
[ECO "C02"]
[WhiteElo "1315"]
[BlackElo "1478"]
[Annotator "NA"]
[PlyCount "204"]
[EventDate "2019.01.20"]
[EventType "swiss"]
[EventCountry "TUR"]
[SourceTitle "playchess.com"]
[Source "ChessBase"]
[SourceQuality "1"]
[TimeControl "5400+30"]

1. e4 e6 2. d4 d5 3. e5 c5 4. Nf3 f6 5. Nh4 g6 6. c3 Nc6 7. Nf3 Bd7 8. Bd3 Qc7 9. Bf4 Qb6 10. b3 Bg7 11. O-O Nge7 12. exf6 Bxf6 13. Ne5 Nxe5 14. dxe5 Bg7 15. Nd2 O-O 16. Bg3 Nf5 17. Nf3 Nxg3 18. hxg3 Rad8 19. Qc2 Qc7 20. Bxg6 hxg6 21. Qxg6 Rxf3 22. gxf3 Qxe5 23. Rac1 Be8 24. Qd3 a6 25. Rfe1 Qf6 26. f4 Bg6 27. Qe3 Re8 28. Qxc5 Be4 29. Qe3 Bf5 30. Kg2 Rc8 31. c4 d4 32. Qf3 Rc7 33. g4 Bg6 34. Qg3 Be8 35. Re5 Bc6+ 36. f3 Qg6 37. Rg5 Qd3 38. Rf1 Kf7 39. Rf2 Rc8 40. Qh4 Rh8 41. Rxg7+ Kxg7 42. Qg5+ Qg6 43. Qe5+ Qf6 44. Qc7+ Qf7 45. Qe5+ Qf6 46. Qc7+ Kg8 47. g5 Qf5 48. Qd8+ Kh7 49. Qxd4 Qg4+ 50. Kf1 Qh3+ 51. Ke2 Rf8 52. Qd6 Rf7 53. Qd3+ Kg7 54. Qd4+ Kg8 55. Ke3 Rd7 56. Qf6 Qf5 57. Qc3 Qc5+ 58. Ke2 Qd4 59. Qc2 Qxf4 60. Qg6+ Kf8 61. Qh6+ Ke7 62. Qg7+ Kd8 63. Qf6+ Qxf6 64. gxf6 Rf7 65. Ke3 Rxf6 66. f4 Kc7 67. Kd4 Rf5 68. Ke3 Rh5 69. Kd4 b6 70. Re2 Kd7 71. Rd2 Kc7 72. Re2 Bd7 73. a4 Rh3 74. Rb2 Rf3 75. Ke5 Re3+ 76. Kd4 Re1 77. Rf2 Bc6 78. f5 exf5 79. Rxf5 Re4+ 80. Kc3 Re7 81. c5 b5 82. axb5 Bxb5 83. Kb4 Re4+ 84. Ka3 a5 85. Rf6 Re5 86. b4 Re3+ 87. Kb2 a4 88. Rb6 Rb3+ 89. Ka2 Rxb4 90. Ka1 Rb3 91. Ka2 Bc4 92. Rxb3 axb3+ 93. Kb2 Kc6 94. Kc3 Kxc5 95. Kb2 Kb4 96. Ka1 Ka3 97. Kb1 Bd3+ 98. Kc1 b2+ 99. Kd2 b1=Q 100. Kc3 Qb5 101. Kd4 Bf5 102. Kc3 Qb4# 0-1

[Event "TUR-ch Veterans 2019"]
[Site "Belek"]
[Date "2019.01.25"]
[Round "6.1"]
[White "Yasin, Hur"]
[Black "Buker, Muhittin"]
[Result "1-0"]
[ECO "B23"]
[WhiteElo "2004"]
[BlackElo "1978"]
[Annotator "NA"]
[PlyCount "85"]
[EventDate "2019.01.20"]
[EventType "swiss"]
[EventCountry "TUR"]
[SourceTitle "playchess.com"]
[Source "ChessBase"]
[SourceQuality "1"]
[TimeControl "5400+30"]

1. e4 c5 2. Nc3 d6 3. f4 Nc6 4. Bc4 Nf6 5. Nf3 e6 6. d3 Be7 7. Bb3 {[%emt 0:00:00] B23: Closed Sicilian: Lines without g3} (7. O-O a6 8. a3 O-O 9. Ba2 b5 10. h3 b4 11. axb4 Nxb4 12. Bb1 Bb7 13. Ne2 c4 14. g4 Nd7 {1-0 (44) Alonso Moyano,J (2372)-Ubilava,E (2525) Sabadell 2008}) 7... d5 8. e5 Ng4 $146 ({Predecessor:} 8... Nd7 9. O-O Nb6 10. a3 Bd7 11. Qe1 g6 12. Bd2 Rc8 13. Kh1 h5 {1-0 (46) Lyell,M (2228)-Szalanczy,E (2251) Budapest 2014}) 9. Ne2 h5 10. c3 b6 11. d4 cxd4 12. Ba4 Bd7 13. Bxc6 Bxc6 14. Nexd4 Bd7 15. O-O g6 16. a4 Rc8 17. Qd3 Qc7 18. Bd2 Qc4 19. Qxc4 dxc4 20. a5 b5 21. a6 Bc5 22. h3 Nh6 23. Be3 Ke7 24. Bf2 Bc6 25. Nf5+ Nxf5 26. Bxc5+ Kd7 27. Bxa7 Kc7 28. Ng5 Ng3 29. Rfe1 Rhd8 30. Bf2 h4 31. Bxg3 (31. Nxf7 $142 Rd2 32. Ng5) 31... hxg3 {[%emt 0:00:30] [#]} 32. Re3 $1 ({Weaker is} 32. Nxf7 Rd2 $17) 32... Rd2 $1 33. Rxg3 Rcd8 $2 (33... Rf8 $16 {is tougher.}) 34. Nxf7 Rd1+ 35. Rxd1 Rxd1+ 36. Kh2 Rd2 37. Rxg6 Rxb2 $18 38. Nd6 Kb6 39. f5 Kc5 40. fxe6 b4 41. cxb4+ Rxb4 42. e7 c3 43. Nb7+ 1-0

[Event "TUR-ch Veterans 2019"]
[Site "Belek"]
[Date "2019.01.25"]
[Round "6.2"]
[White "Tofan, Ibrahim"]
[Black "Cetinkaya, Vedat Ali"]
[Result "0-1"]
[ECO "B13"]
[WhiteElo "2070"]
[BlackElo "2056"]
[Annotator "NA"]
[PlyCount "84"]
[EventDate "2019.01.20"]
[EventType "swiss"]
[EventCountry "TUR"]
[SourceTitle "playchess.com"]
[Source "ChessBase"]
[SourceQuality "1"]
[TimeControl "5400+30"]

1. e4 c6 2. d4 d5 3. exd5 cxd5 4. Bd3 Nc6 5. c3 Nf6 6. Bf4 e6 7. Nd2 Bd6 8. Bxd6 Qxd6 9. Ngf3 {[%emt 0:00:30] LiveBook: 11 Publish game on website} O-O 10. O-O a6 11. Re1 b5 {[%emt 0:00:30] B13: Caro-Kann: Exchange Variation and Panov-Botvinnik Attack} 12. Ne5 b4 13. Rb1 $146 ({You set blue moves yourself with the critical opening position annotation.:} 13. f4 bxc3 14. bxc3 Ne7 15. Qf3 Ng6 16. g4 Nd7 17. Qg3 Ngxe5 18. fxe5 Qe7 19. g5 {1-0 (43) Campos,W (1756)-Correa,L (1636) Goiania 2017}) 13... Bd7 14. Nb3 Rfc8 15. Qf3 Ne7 (15... bxc3 $11 {remains equal.} 16. bxc3 Qa3) 16. Nc5 Rxc5 17. dxc5 Qxc5 18. Rec1 Be8 19. Ng4 Nd7 20. Qe2 a5 21. Bb5 Nf8 22. Bxe8 Rxe8 23. Ne3 Nfg6 24. Qd2 Qd6 25. Nf1 Ne5 26. Qe2 Rb8 27. Rd1 N7g6 28. g3 Qc6 29. f4 Nc4 30. cxb4 axb4 31. Qf2 Ne7 32. Rbc1 Qb7 33. Rc2 h5 34. Rdc1 Nf5 35. Rxc4 dxc4 36. Rxc4 b3 37. a3 Qd5 38. Rc3 Nd4 39. Nd2 Rd8 40. Nf1 Qe4 41. Re3 Qc2 42. Kg2 Rc8 0-1

[Event "TUR-ch Veterans 2019"]
[Site "Belek"]
[Date "2019.01.25"]
[Round "6.3"]
[White "Ozates, Veysel"]
[Black "Aysoy, Veysi"]
[Result "0-1"]
[ECO "B01"]
[WhiteElo "1550"]
[BlackElo "1933"]
[Annotator "NA"]
[PlyCount "116"]
[EventDate "2019.01.20"]
[EventType "swiss"]
[EventCountry "TUR"]
[SourceTitle "playchess.com"]
[Source "ChessBase"]
[SourceQuality "1"]
[TimeControl "5400+30"]

1. e4 d5 2. exd5 Nf6 3. d4 Nxd5 4. Nf3 g6 5. Be2 Bg7 6. O-O O-O 7. c4 Nb6 8. Nc3 Nc6 9. Be3 Bg4 10. Qb3 {[%emt 0:05:30] [#] B01: Scandinavian Defence} (10. c5 $11 Nd5 11. h3 (11. Nxd5 Qxd5 12. h3 Bf5 13. Qa4 Rad8 14. Rfd1 {½-½ (14) Lutz,C (2532)-Marchio,E (2340) Germany 2016})) 10... Bxf3 $1 11. Bxf3 Nxd4 $146 ({Predecessor:} 11... Na5 12. Qb4 Naxc4 13. a4 a5 14. Qb3 c6 15. Rfd1 Nxe3 16. fxe3 e6 17. Rac1 Rb8 18. Ne4 Nd5 19. Nc5 Qe7 {½-½ (19) Simon,O (2293)-Aveline,P (2158) Issy les Moulineaux 2003}) 12. Bxd4 Bxd4 (12... Qxd4 $17 13. Bxb7 Rab8) 13. Rad1 e5 14. Bxb7 Rb8 15. Bf3 Qh4 16. g3 Qh3 17. Nb5 c5 18. Nxa7 Nd7 19. Nb5 h5 20. Qd3 Rfd8 21. b3 Nf6 22. Nxd4 Rxd4 $14 23. Bg2 Qe6 24. Qe2 h4 25. Rfe1 Re8 26. Qc2 Kg7 27. Rxd4 cxd4 28. c5 hxg3 29. hxg3 e4 30. b4 Qe5 31. Qe2 d3 32. Qd2 Qd4 33. a3 Nd5 34. Bf1 Ra8 35. Bg2 f5 36. g4 Rxa3 37. gxf5 Ra1 38. Rxa1 Qxa1+ 39. Kh2 Qe5+ 40. Kh1 Qxf5 41. c6 Qh5+ 42. Kg1 Qe2 43. Qg5 d2 44. Qe5+ Kh7 45. Qxd5 d1=Q+ 46. Qxd1 Qxd1+ 47. Bf1 Qd6 48. b5 Qc5 49. Kg2 Kg7 50. Kg3 g5 51. Kg2 Kf6 52. Kg1 g4 53. Kg2 Kg5 54. Be2 Kf4 55. Kf1 g3 56. fxg3+ Kxg3 57. Ke1 Qc1+ 58. Bd1 e3 0-1